AoeStats
← GaunerFahrrad47

Black Forest

505077023Analyzed
1v1 RM · 26d ago on Sep 7, 2026· 19m 1s· 2 players
Game mode
Random Map
Map size
Tiny (2 player)
Population
200
Speed
Normal
Resources
Standard
Victory
Conquest
Starting age
Dark Age
Ending age
Imperial Age
RankedLock teamsTeams togetherTeam positionsShared explorationLock speedFull tech treeHidden civsTurbo modeCheats
Victory
Defeat
🇦🇷 Spanish · Argentina
1219
+17
🇩🇪 Goths · Germany
1235
-17
[ESTG] ENAO EL PETE
0:29 Loom
11:19 Feudal Age
15:26 Castle Age
16:28 Fletching
GaunerFahrrad47
0:39 Loom
12:04 Feudal Age
17:29 Castle Age
15:38 Double-Bit Axe
15:37 Horse Collar
16:26 Stone Mining
Connection lost

Rejoining the realm…

Still unreachable

The connection could not be restored.

Session expired

The server has moved on; the page needs a fresh start.